 Dungeon Crawl Stone Soup version 0.28-a0-1382-g92835e5c71 (webtiles) character file.

Game seed: 17984048293749328862

114 polve the Slasher (level 4, -2/28 HPs)
             Began as a Tengu Berserker on Jan 1, 2022.
             Was a Believer of Trog.
             Slain by Grinder (9 damage)
             ... while paralysed by Grinder
             ... on level 3 of the Dungeon.
             The game lasted 00:02:29 (2927 turns).

polve the Slasher (Tengu Berserker)                 Turns: 2927, Time: 00:02:29

Health: -2/28      AC:  5    Str: 26    XL:     4   Next: 97%
Magic:  5/5        EV:  2    Int:  7    God:    Trog [**....]
Gold:   126        SH:  0    Dex: 13    Spells: 3/3 levels left

rFire   . . .      SeeInvis .   a - +0 falchion
rCold   . . .      Faith    .   (no shield)
rNeg    . . .      Spirit   .   i - +0 ring mail
rPois   .          Reflect  .   (helmet restricted)
rElec   .          Harm     .   (no cloak)
rCorr   .          Rampage  .   (no gloves)
Will    .....                   (boots unavailable)
Stlth   +.........              (no amulet)
HPRegen 0.09/turn               e - +6 ring of strength
MPRegen 0.09/turn               (no ring)

@: paralysed, on berserk cooldown, slowed
A: beak, talons 3
a: Renounce Religion, Berserk, Trog's Hand


You were on level 3 of the Dungeon.
You worshipped Trog.
Trog was pleased with you.
You visited 1 branch of the dungeon, and saw 3 of its levels.

You collected 126 gold pieces.

Inventory:

Hand Weapons
 a - a +0 falchion (weapon)
Armour
 i - a +0 ring mail (worn)
Jewellery
 e - a +6 ring of strength (left hand)
Scrolls
 b - 2 scrolls of fog {unknown}
 c - a scroll of blinking {unknown}
 d - 2 scrolls of amnesia {unknown}
 f - 5 scrolls of identify {unknown}
 g - 3 scrolls of enchant weapon {unknown}
 j - 2 scrolls of teleportation {unknown}
 k - a scroll of magic mapping {unknown}
 m - a scroll of torment {unknown}
Potions
 h - a potion of haste {unknown}
 l - a potion of might {unknown}


   Skills:
 - Level 3.0 Fighting
 + Level 6.0 Long Blades
 - Level 2.1 Armour
 - Level 2.1 Dodging


You had 3 spell levels left.
You didn't know any spells.
Your spell library was empty.

Dungeon Overview and Level Annotations

Branches:
Dungeon (3/15)

Altars:

Annotations:
D:3 Grinder


Innate Abilities, Weirdness & Mutations

You have a beak for a mouth.
You have claws for feet.


Message History

No target in view!
Things that are here:
a +0 short sword; a stone
Found a stone staircase leading down.
m - a scroll labelled MOIS SYMICYHI A hobgoblin comes into view.
The hobgoblin shouts!
A hobgoblin is nearby!
Found a scroll labelled ZERAAG EFOU.
Grinder comes into view.
The hobgoblin completely misses you.
You closely miss the hobgoblin. You claw the hobgoblin.
Your peck misses the hobgoblin.
The hobgoblin is heavily wounded.
The hobgoblin hits you.
Grinder says, "You look like you could use a good racking."
You hit the hobgoblin but do no damage. You claw the hobgoblin.
You kill the hobgoblin!
Trog accepts your kill.
Grinder is nearby!
Grinder is nearby!
A red film seems to cover your vision as you go berserk!
You feel yourself moving faster!
You feel mighty!
Grinder blinks!
Found 27 stones.
You feel a strong urge to attack something.
Grinder gestures at you. Pain shoots through your body!
You feel your anger nearly subside.
You are no longer berserk.
You are exhausted.
You feel yourself slow down. Grinder gestures at you.
Pain shoots through your body!
* * * LOW HITPOINT WARNING * * *
Grinder blinks!
Grinder gestures at you.
You suddenly lose the ability to move!
Grinder says, "Tell me all your secrets, or I'll kill you."
Grinder hits you!
You die...

#..# #....## #.# ##.
#..###.#.## #.# #..
#...##.#.#####.# #..
##..#...$...##.# #..
#.#####..#..........#
#..
#........#>......####
#..
###.####.........#
#.. #5#........ ...
#.#@#.ยง?....# #.#
#...........# #.
#(#.######### ...#.#
..# #.# #.. ... ##
#.# #.. ##


You could see Grinder.

Vanquished Creatures
  An iguana (D:3)
  A gnoll (D:1)
  An adder (D:2)
  4 worms
  A dart slug (D:1)
  An orc (D:3)
  9 endoplasms
  6 goblins
  5 hobgoblins
  A quokka (D:3)
  4 ball pythons
  5 bats
  4 frilled lizards
  11 kobolds
  4 rats (D:2)
58 creatures vanquished.

Notes
Turn   | Place    | Note
-------+----------+-------------------------------------------
     0 | D:1      | polve the Tengu Berserker began the quest for the Orb.
     0 | D:1      | Reached XP level 1. HP: 14/14 MP: 2/2
   372 | D:1      | Reached skill level 4 in Long Blades
   372 | D:1      | Reached XP level 2. HP: 19/19 MP: 3/3
   414 | D:1      | You fall into a shaft and drop 1 floor!
   480 | D:2      | Reached XP level 3. HP: 23/23 MP: 4/4
   686 | D:2      | Found a faded altar of an unknown god.
  1178 | D:1      | Reached skill level 5 in Long Blades
  1820 | D:1      | Reached XP level 4. HP: 28/28 MP: 5/5
  1994 | D:2      | Reached ** piety under Trog
  2670 | D:3      | Reached skill level 6 in Long Blades
  2916 | D:3      | Noticed Grinder
  2925 | D:3      | Paralysed by Grinder for 5 turns
  2927 | D:3      | Slain by Grinder

Illustrated notes

Levels and vault maps discovered:
D:1:      lightli_arrival_flooded_house, layout_basic, minmay_split_cup_large
D:2:      layout_loops_ring, hellmonk_ecumenical_altar_blasted,
          serial_bayou_pond_e
D:3:      layout_loops_ring, general_overflow_altar,
          minmay_fractal_squares_diagonal_5, uniq_grinder

Skill      XL: |  1  2  3  4 |
---------------+-------------+-----
Long Blades    | 4 5 6 |  6.0
Fighting       | |  3.0
Armour         | |  2.1
Dodging        | |  2.1

Action                   |  1- 3 |  4- 6 || total
-------------------------+-------+-------++-------
Melee: Falchion          |    64 |    40 ||   104
       Kick              |    10 |    11 ||    21
       Peck              |     5 |     4 ||     9
Invok: Berserk           |     2 |     2 ||     4
 Stab: Sleeping          |     2 |       ||     2
Armor: Animal skin       |    13 |     1 ||    14
       Ring mail         |       |     5 ||     5
Dodge: Dodged            |    35 |    20 ||    55

Table legend: (Time is in decaauts)
 A = Elapsed time spent in this place.
 B = Non-inter-level travel time spent in this place.
 C = Inter-level travel time spent in this place.
 D = Time resting spent in this place.
 E = Time spent auto-exploring this place.
 F = Levels seen in this place.
 G = Mean time per level.
                   A        B        C        D        E       F      G
               +--------+--------+--------+--------+--------+-----+--------+
         Total |   2960 |   2895 |     65 |     24 |   2511 |   3 |  986.7 |
       Dungeon |   2960 |   2895 |     65 |     24 |   2511 |   3 |  986.7 |
               +--------+--------+--------+--------+--------+-----+--------+

Top non-repeatable levels by time:
     D:1: 1360 daAuts
     D:2: 1089 daAuts
     D:3: 511 daAuts
